 Dungeon Crawl Stone Soup version 0.31-a0-557-g6e16503903 (webtiles) character file.

Game seed: 1192032127183084137

952 Xavori the Sneak (level 8, 0/59 HPs)
             Began as an Octopode Chaos Knight on Aug 17, 2023.
             Was a Plaything of Xom.
             Slain by an orc
             ... wielding a +0 trident
              (9 damage)
             ... on level 5 of the Dungeon.
             The game lasted 00:04:08 (10701 turns).

Xavori the Sneak (Octopode Chaos Knight)           Turns: 10701, Time: 00:04:09

Health: 0/59       AC:  1    Str: 17    XL:     8   Next: 13%
Magic:  7/7        EV: 15    Int: 13    God:    Xom [....*.]
Gold:   225        SH:  0    Dex: 17    Spells: 7/7 levels left

rFire   . . .        a - +0 short sword (chaos)
rCold   + . .        (no shield)
rNeg    + . .        (helmet restricted)
rPois   +            (no amulet)
rElec   .            f - +6 ring of strength
rCorr   .            m - ring of positive energy
SInv    .            (no ring)
Will    +....        (no ring)
Stlth   ++++         (no ring)
HPRegen 0.29/turn    (no ring)
MPRegen 0.10/turn    (no ring)
                     (no ring)

%: no passive effects
@: no status effects
A: almost no armour, amphibious, 8 rings, camouflage 1, gelatinous body 1,
(nimble swimmer 1), tentacles, tentacle spike 1, agile 1, cold resistance 1, low
MP 1, strong-willed 1, poison resistance, robust 1
a: Renounce Religion


You were on level 5 of the Dungeon.
You worshipped Xom.
You were a beloved toy of Xom.
You visited 1 branch of the dungeon, and saw 5 of its levels.

You collected 225 gold pieces.

Inventory:

Hand Weapons
 a - a +0 short sword of chaos (weapon)
Missiles
 l - 2 throwing nets
Jewellery
 f - a +6 ring of strength (left tentacle)
 m - a ring of positive energy (right tentacle)
Wands
 n - a wand of polymorph (7)
Scrolls
 b - a scroll of identify
 d - a scroll of enchant armour
 g - a scroll of fear
 j - a scroll of teleportation
Potions
 c - 2 potions of lignification
 h - 2 potions of attraction {unknown}
 k - a potion of cancellation {unknown}
Miscellaneous
 e - a phial of floods


   Skills:
 + Level 4.5 Fighting
 + Level 5.3 Short Blades
 + Level 4.2 Dodging
 + Level 6.4 Stealth
 * Level 4.1 Evocations


You had 7 spell levels left.
You didn't know any spells.
Your spell library contained the following spells:

 Spells                   Type           Power      Damage    Failure   Level
 Magic Dart               Conj           0%         1d3       30%         1
 Ensorcelled Hibernation  Hex/Ice        0%         N/A       43%         2
 Passwall                 Tmut/Erth      0%         N/A       43%         2
 Searing Ray              Conj           0%         2d4       43%         2
 Stone Arrow              Conj/Erth      0%         3d7       67%         3
 Swiftness                Air            0%         N/A       67%         3
 Vhi's Electric Charge    Tloc/Air       0%         N/A       67%         3
 Fulminant Prism          Conj/Hex       0%         3d5       97%         4
 Arcjolt                  Conj/Air       0%         1d10      100%        5
 Plasma Beam              Fire/Air       0%         2x1d10    100%        6
 Lehudib's Crystal Spear  Conj/Erth      0%         10d2      100%        8
 Animate Armour           Summ/Erth      Unusable   N/A       N/A         4

Dungeon Overview and Level Annotations

Branches:
Dungeon (5/15)             Temple (0/1) D:4

Altars:
Kikubaaqudgha
Xom


Innate Abilities, Weirdness & Mutations

You cannot wear most types of armour.
You are amphibious.
You can wear up to eight rings at the same time.
Your skin changes colour to match your surroundings (Stealth+).
Your rubbery body absorbs attacks. (AC +1, EV +1)
((You are camouflaged when in or above water. (Stealth+)))
You have tentacles for arms and can constrict up to eight enemies at once.
One of your tentacles bears a spike.
You are agile. (Dex +4, Str/Int -1)
Your flesh is cold resistant. (rC+)
Your magical capacity is low. (-10% MP)
You are strong-willed. (Will+)
Your system is resistant to poisons. (rPois)
You are robust. (+10% HP)


Message History

The orc attacks as you move away! The orc misses you.
You closely miss the orc wizard. You grab the orc wizard.
The orc wizard is moderately wounded.
You constrict the orc wizard. The orc wizard completely misses you.
You hit the orc wizard but do no damage.
The orc wizard appears confused.
You pierce the orc wizard.
You squeeze the orc wizard.
You kill the orc wizard!
The orc barely misses you. The orc wizard misses you.
There is an open door, spattered with blood here.
Things that are here:
a +0 dagger; a +0 robe You hit the orc wizard but do no damage.
You grab the orc wizard.
You pierce the orc wizard.
The orc wizard is moderately wounded.
You constrict the orc wizard. The orc closely misses you.
The orc wizard barely misses you.
The orc hits you from afar with a +0 trident.
You hit the orc wizard but do no damage.
The orc wizard is moderately wounded.
You constrict the orc wizard. The orc barely misses you.
The orc wizard hits you with a +0 dagger.
The orc closely misses you.
You hit the orc wizard.
Lightning courses through the orc wizard!
You kill the orc wizard!
The orc misses you.
The orc hits you from afar with a +0 trident!
* * * LOW HITPOINT WARNING * * *
Unknown command.
You hit the orc but do no damage. Your grab misses the orc.
You squeeze the orc, but do no damage. The orc attacks as you move away!
The orc hits you with a +0 flail!
* * * LOW HITPOINT WARNING * * *
You hit the orc but do no damage. Your grab misses the orc.
You squeeze the orc!
You kill the orc!
The orc hits you with a +0 trident!
You die... "It was about time."

#>........#####.#..##.......
##......#.#####.....#.......
***** #.#..#.#....##.....+<######
,,,,* #....#.####........###
,,,,* #.##.#[######......# ,,,,*
#......#.####.†..### ,,,,*
###.#..#.#####...##********
,,,,****#.#......[.......,,,,,^,,
,,,,**,,.>####..@......#..,,,,,,,
,,,,**,#########o#####.#...,,,,**
,,****,***o.S###..####.+...,,,,*
,,****,**,...l##....##.#....,,,*
,,*,,,,*,,....S#....##.#.,,,,,,*
***,,,,*,,.....#.....#..$,,,,,,*
,,,,,,,*,,....f##....#...**,,,,*
,,*,**,**,....###(...#...**,****
,***,,,***...######..#...**,*


You could see an orc.

Vanquished Creatures
  A golden eye (shapeshifter) (D:3)
  A water moccasin (D:5)
  2 phantoms
  A water moccasin zombie (D:4)
  A hound (D:5)
  An iguana (D:4)
  Terence (D:2)
  2 orc wizards (D:5)
  2 hound zombies (D:4)
  2 hound skeletons (D:4)
  5 adders
  An adder zombie (D:4)
  A worm (D:4)
  8 orcs
  5 ball pythons
  7 endoplasms
  2 giant cockroaches
  9 goblins
  5 hobgoblins
  4 jackals (D:2)
  6 kobolds
  4 quokkas
  3 bats
  4 frilled lizards
  7 rats
85 creatures vanquished.

Vanquished Creatures (collateral kills)
  A water moccasin zombie (D:4)
  A centaur zombie (D:4)
  2 scorpion zombies (D:4)
  2 orc wizards (D:4)
  An adder zombie (D:4)
  A giant cockroach (D:4)
  A goblin (D:4)
  A quokka (D:4)
  A kobold (D:4)
11 creatures vanquished.

Grand Total: 96 creatures vanquished

Notes
Turn   | Place    | Note
-------+----------+-------------------------------------------
     0 | D:1      | Xavori the Octopode Chaos Knight began the quest for the
                  | Orb.
     0 | D:1      | Reached XP level 1. HP: 16/16 MP: 1/1
   119 | D:1      | Reached XP level 2. HP: 21/21 MP: 2/2
   149 | D:1      | XOM: divination: magic mapping
   197 | D:1      | XOM is BORED!
   197 | D:1      | XOM: noise
   579 | D:1      | Reached skill level 1 in Stealth
   784 | D:1      | XOM: silly message
  1956 | D:1      | XOM: noise
  2003 | D:1      | XOM is BORED!
  2409 | D:1      | XOM: stat loss: -1 Dex (10/11)
  2414 | D:1      | XOM: draining
  2463 | D:1      | XOM: scenery: create altars
  2826 | D:1      | XOM: cloud trail
  3001 | D:1      | XOM: give mutations
  3001 | D:1      | Gained mutation: Your flesh is cold resistant. (rC+) [Xom's
                  | grace]
  3001 | D:1      | Gained mutation: You are strong-willed. (Will+) [Xom's
                  | grace]
  3027 | D:1      | XOM: god gift: 39 gold pieces
  3183 | D:1      | XOM: god gift: phial of floods
  3327 | D:1      | XOM: cloud trail
  3621 | D:1      | XOM: give mutations
  3621 | D:1      | Gained mutation: You possess an exceptional clarity of
                  | mind. [Xom's grace]
  3621 | D:1      | Gained mutation: One of your tentacles bears a spike.
                  | [Xom's grace]
  3621 | D:1      | Gained mutation: You are partially covered in iridescent
                  | scales. (AC +2) [Xom's grace]
  3712 | D:1      | XOM: god gift: 39 gold pieces
  4064 | D:1      | XOM: god gift: bubbling red potion {god gift}
  4239 | D:1      | XOM: scenery: create altars
  4540 | D:1      | XOM: cloud trail
  4599 | D:1      | XOM: give mutation
  4599 | D:1      | Gained mutation: You are robust. (+10% HP) [Xom's grace]
  4624 | D:1      | XOM: give mutations
  4624 | D:1      | Gained mutation: You are highly strong-willed. (Will++)
                  | [Xom's grace]
  4624 | D:1      | Gained mutation: Your mind is acute. (Int +4, Str/Dex -1)
                  | [Xom's grace]
  4624 | D:1      | Gained mutation: Your system is resistant to poisons.
                  | (rPois) [Xom's grace]
  4907 | D:1      | XOM: give mutations
  4907 | D:1      | Lost mutation: You are partially covered in iridescent
                  | scales. (AC +2) [Xom's mischief]
  4907 | D:1      | Gained mutation: Your magical capacity is low. (-10% MP)
                  | [Xom's mischief]
  5132 | D:1      | XOM: summons 2 hostile demons
  5133 | D:1      | Noticed a crimson imp
  5168 | D:2      | XOM: 1-stop teleportation journey
  5520 | D:1      | XOM: summons 1 hostile demon
  5521 | D:1      | Noticed a crimson imp
  6196 | D:1      | XOM: noise
  6529 | D:1      | XOM: silly message
  6568 | D:1      | XOM: give mutations
  6568 | D:1      | Lost mutation: Your mind is acute. (Int +4, Str/Dex -1)
                  | [Xom's mischief]
  6568 | D:1      | Lost mutation: You are highly strong-willed. (Will++)
                  | [Xom's mischief]
  6608 | D:1      | XOM: summons 2 hostile shadow creatures
  6698 | D:2      | XOM is BORED!
  6698 | D:2      | XOM: summons 2 hostile shadow creatures
  7415 | D:1      | XOM: give mutations
  7415 | D:1      | Gained mutation: You are agile. (Dex +4, Str/Int -1) [Xom's
                  | mischief]
  7415 | D:1      | Lost mutation: You possess an exceptional clarity of mind.
                  | [Xom's mischief]
  7640 | D:1      | XOM: summons 1 hostile shadow creature
  7955 | D:1      | XOM: give mutations
  7955 | D:1      | Lost mutation: Your system is resistant to poisons. (rPois)
                  | [Xom's mischief]
  7955 | D:1      | Gained mutation: Your system is resistant to poisons.
                  | (rPois) [Xom's mischief]
  7989 | D:1      | XOM: cloud trail
  8395 | D:1      | XOM: summons 2 hostile demons
  8462 | D:2      | Reached XP level 3. HP: 25/27 MP: 2/2
  8582 | D:2      | Reached skill level 2 in Stealth
  8770 | D:2      | Noticed Terence
  8773 | D:2      | Reached skill level 1 in Evocations
  8774 | D:2      | XOM: noise
  8777 | D:2      | Killed Terence
  8778 | D:2      | Reached XP level 4. HP: 28/34 MP: 3/3
  8831 | D:2      | XOM: divination: detect items
  9043 | D:3      | Reached skill level 3 in Stealth
  9050 | D:3      | XOM: god gift: 6 atropa-tipped darts
  9072 | D:3      | an adder changed into a shapeshifter
  9072 | D:3      | Noticed a shapeshifter (shapeshifter)
  9072 | D:3      | a shapeshifter changed into a fire crab
  9072 | D:3      | Noticed a fire crab (shapeshifter)
  9074 | D:3      | a fire crab changed into a troll
  9074 | D:3      | Noticed a troll (shapeshifter)
  9075 | D:3      | a troll changed into a golden eye
  9075 | D:3      | Noticed a golden eye (shapeshifter)
  9078 | D:3      | Killed a golden eye
  9079 | D:3      | Reached skill level 4 in Stealth
  9079 | D:3      | Reached XP level 5. HP: 40/40 MP: 4/4
  9079 | D:3      | Reached XP level 6. HP: 47/47 MP: 5/5
  9176 | D:3      | Found an ancient bone altar of Kikubaaqudgha.
  9449 | D:4      | XOM: 1-stop teleportation journey
  9462 | D:4      | Reached skill level 5 in Stealth
  9466 | D:4      | XOM: silly message
  9482 | D:4      | XOM: noise
  9487 | D:4      | XOM: summons 6 friendly demons
  9622 | D:4      | XOM: cast spell 'Summon Dragon'
  9629 | D:4      | Reached XP level 7. HP: 45/52 MP: 6/6
  9810 | D:4      | Found a staircase to the Ecumenical Temple.
  9857 | D:4      | XOM: god gift: wand of polymorph (7)
 10461 | D:5      | Entered Level 5 of the Dungeon
 10479 | D:5      | Reached skill level 5 in Short Blades
 10479 | D:5      | Reached skill level 6 in Stealth
 10571 | D:5      | Reached XP level 8. HP: 59/59 MP: 7/7
 10701 | D:5      | Slain by an orc

Illustrated notes

Levels and vault maps discovered:
D:1:      minmay_arrival_doors, layout_basic, feat_on_display
D:2:      layout_loops_cross, uniq_terence
D:3:      layout_rooms, nicolae_overflow_crystal_walls
D:4:      layout_cave_pods, minmay_temple_entry_grid, serial_undead,
          serial_undead_e, serial_undead_e, serial_undead_a, serial_undead_a
D:5:      minmay_opposing_rooms, layout_basic

Skill      XL: |  1  2  3  4  5  6  7 |
---------------+----------------------+-----
Stealth        | 1 2 4 5 6 |  6.4
Evocations     | 1 2 3 4 |  4.1
Short Blades   | 4 5 |  5.3
Dodging        | 3 4 |  4.2
Fighting       | 4 |  4.5

Action                     |  1- 3 |  4- 6 |  7- 9 || total
---------------------------+-------+-------+-------++-------
  Melee: Short sword       |    62 |    74 |    53 ||   189
         Tentacles         |     9 |    10 |    14 ||    33
         Constrict         |    15 |    12 |    15 ||    42
         Kick              |     8 |    13 |    23 ||    44
         Punch             |     1 |     3 |     1 ||     5
  Evoke: Phial of floods   |       |     2 |       ||     2
    Use: Potion            |     1 |     2 |       ||     3
         Scroll            |       |     3 |     5 ||     8
   Stab: Sleeping          |    11 |     6 |     6 ||    23
         Distracted        |       |     1 |       ||     1
 Armour: Skin              |     5 |    78 |     1 ||    84
  Dodge: Dodged            |    34 |    44 |    34 ||   112

Table legend: (Time is in decaauts)
 A = Elapsed time spent in this place.
 B = Non-inter-level travel time spent in this place.
 C = Inter-level travel time spent in this place.
 D = Time resting spent in this place.
 E = Time spent auto-exploring this place.
 F = Levels seen in this place.
 G = Mean time per level.
                   A        B        C        D        E       F      G
               +--------+--------+--------+--------+--------+-----+--------+
         Total |  10663 |  10553 |    110 |   7740 |   2253 |   5 | 2132.6 |
       Dungeon |  10663 |  10553 |    110 |   7740 |   2253 |   5 | 2132.6 |
               +--------+--------+--------+--------+--------+-----+--------+

Top non-repeatable levels by time:
     D:1: 7925 daAuts
     D:2: 1090 daAuts
     D:4: 1003 daAuts
     D:3: 410 daAuts
     D:5: 234 daAuts
